 Dungeon Crawl Stone Soup version 0.18-a0-1788-g92de1ac (webtiles) character file.

72 muzzy the Grave Robber (level 4, 0/30 HPs)
             Began as a Mummy Necromancer on Apr 19, 2016.
             Slain by an adder (3 damage)
             ... on level 2 of the Dungeon.
             The game lasted 00:04:11 (766 turns).

muzzy the Grave Robber (Mummy Necromancer)           Turns: 766, Time: 00:04:12

Health: 0/30       AC:  2    Str: 11    XL:     4   Next: 7%
Magic:  0/8        EV: 12    Int: 15    God:
Gold:   21         SH:  0    Dex: 12    Spells: 1 memorised, 8 levels left

rFire  x . .     SeeInvis .     f - +0 dagger
rCold  + . .     Gourm    .     a - +0 robe
rNeg   + + +     Faith    .     (no shield)
rPois  ∞         Spirit   .     (no helmet)
rElec  .         Dismiss  .     (no cloak)
rCorr  .         Reflect  .     (no gloves)
SustAt .         Harm     .     (no boots)
MR     .....                    (no amulet)
Stlth  ++........               (no ring)
                                (no ring)

@: not resistant to hostile enchantments, unstealthy
A: no food or potions, fire vulnerability, cold resistance 1, negative energy
resistance 3, torment resistance, unbreathing
a: no special abilities


You were on level 2 of the Dungeon.
You were not hungry.

You visited 1 branch of the dungeon, and saw 2 of its levels.

You collected 21 gold pieces.

Inventory:

Hand Weapons
 f - a +0 dagger (weapon)
Armour
 a - a +0 robe (worn)
Jewellery
 d - an uncursed ring of stealth {unknown}
Scrolls
 c - a scroll of noise {unknown}
 e - a scroll of identify {unknown}
Books
 b - a book of Necromancy

   Spells                             Type                      Level
   a - Pain                           Necromancy                   1
   b - Animate Skeleton               Necromancy                   1
   c - Vampiric Draining              Necromancy                   3
   d - Regeneration                   Charms/Necromancy            3
   e - Animate Dead                   Necromancy                   4
   f - Control Undead                 Necromancy                   4


   Skills:
 - Level 1.5 Dodging
 - Level 1.5 Stealth
 + Level 3.2 Spellcasting
 + Level 4.8 Necromancy


You had 8 spell levels left.
You knew the following spells:

 Your Spells              Type           Power        Failure   Level  Hunger
a - Pain                  Necr           ###.         2%          1    N/A

Dungeon Overview and Level Annotations

Branches:
Dungeon (1/15)

Altars:
Ru


Innate Abilities, Weirdness & Mutations

You do not eat or drink.
Your flesh is vulnerable to fire.
You are immune to poison.
Your flesh is cold resistant.
You are immune to negative energy.
You are immune to unholy pain and torment.
You can survive without breathing.


Message History

Press: ? - help, Shift-Dir - straight line, f - adder
Aim: an adder (chance to defeat MR: 82%)
The adder convulses in agony!
The adder closely misses you. The adder misses you.
The adder barely misses you.
Casting: Pain
Confirm with . or Enter, or press ? or * to list all spells.
Aiming: Pain
Press: ? - help, Shift-Dir - straight line, f/p - adder
Aim: an adder (lightly wounded, chance to defeat MR: 82%)
The adder convulses in agony!
The adder bites you.
* * * LOW HITPOINT WARNING * * *
You hit the adder.
The adder is heavily wounded.
The adder bites you.
* * * LOW HITPOINT WARNING * * *
You hit the adder.
The adder is severely wounded.
The adder barely misses you. The adder bites you.
You die...

### ##.###########
#.#.......S@.###
##.######.##.......
#.#...........###.
#............(..
#.#..###.###......
#.#..#.....#......
#....#.....#......
#......._.........
#.#†.#.....#..


You could see an adder.

Vanquished Creatures
  Natasha (twice) (D:2)
  An adder (D:2)
  A dart slug (D:1)
  3 giant cockroaches (D:1)
  2 goblins
  A hobgoblin (D:1)
  A kobold (D:1)
  A bat (D:1)
  A giant newt (D:1)
  2 rats (D:1)
15 creatures vanquished.

Notes
Turn   | Place    | Note
--------------------------------------------------------------
     0 | D:1      | muzzy the Mummy Necromancer began the quest for the Orb.
     0 | D:1      | Reached XP level 1. HP: 13/13 MP: 3/3
   160 | D:1      | Reached XP level 2. HP: 18/19 MP: 0/5
   439 | D:1      | You fall through a shaft!
   439 | D:2      | Noticed Natasha
   445 | D:2      | Noticed a crimson imp
   446 | D:2      | Killed Natasha
   446 | D:2      | Reached XP level 3. HP: 3/24 MP: 0/7
   704 | D:2      | Found a sacrificial altar of Ru.
   708 | D:2      | Noticed Natasha
   745 | D:2      | Killed Natasha
   745 | D:2      | Reached XP level 4. HP: 8/30 MP: 0/8
   766 | D:2      | Slain by an adder

Vault maps used:
D:1:      dpeg_arrival_pond
D:2:      grunt_temple_overflow_gold_and_silver, nicolae_overflow_crystal_walls,
          uniq_natasha

Skill      XL: |  1  2  3 |
---------------+----------+-----
Spellcasting   | 3 |  3.2
Dodging        | |  1.5
Stealth        | |  1.5
Necromancy     | |  4.8

Action                   |  1- 3 |  4- 6 || total
-------------------------+-------+-------++-------
Melee: Unarmed           |    11 |       ||    11
       Dagger            |     5 |     2 ||     7
 Cast: Pain              |    39 |     3 ||    42
Armor: Robe              |     3 |       ||     3
Dodge: Dodged            |    25 |     7 ||    32
